 Dungeon Crawl Stone Soup version 0.28.0-53-g5a82cb258f (webtiles) character file.

Game seed: 7637133307006296925

2437 DemonSlayer the Magician (level 9, -1/55 (62) HPs)
             Began as a Demonspawn Fire Elementalist on July 21, 2022.
             Was an Initiate of Cheibriados.
             Slain by a wight
             ... wielding a +5 great sword of freezing
              (4 damage)
             ... on level 6 of the Dungeon.
             The game lasted 00:16:12 (8398 turns).

DemonSlayer the Magician (DsFE)                     Turns: 8398, Time: 00:16:13

HP:   -1/55 (62)    AC: 10    Str: 10    XL:     9   Next: 25%
MP:   2/19          EV: 19    Int: 21    God:    Cheibriados [......]
Gold: 252           SH:  0    Dex: 15    Spells: 4/21 levels left

rFire   . . .      SeeInvis .   y - +2 flail (protect)
rCold   . . .      Faith    .   (no shield)
rNeg    . . .      Spirit   .   a - +0 robe
rPois   .          Reflect  .   (helmet restricted)
rElec   .          Harm     .   (no cloak)
rCorr   .          Rampage  .   (no gloves)
Will    .....                   C - +0 pair of boots
Stlth   ++........              u - amulet of the acrobat
HPRegen 0.18/turn               B - +4 ring of evasion
MPRegen 0.16/turn               x - +4 ring of slaying

@: under a protective aura, very slightly contaminated, heavily drained, very
slow
A: horns 1, repulsion field 1, powered by death 1
a: Renounce Religion


You were on level 6 of the Dungeon.
You worshipped Cheibriados.
Cheibriados was noncommittal.
You visited 2 branches of the dungeon, and saw 8 of its levels.

You collected 252 gold pieces.

Inventory:

Hand Weapons
 y - a +2 flail of protection (weapon)
Missiles
 b - a throwing net
 k - 48 sling bullets
Armour
 a - a +0 robe (worn)
 C - a +0 pair of boots (worn)
Jewellery
 l - an amulet of reflection
 s - a +6 ring of strength
 u - an amulet of the acrobat (around neck)
 x - a +4 ring of slaying (right hand)
 B - a +4 ring of evasion (left hand)
Wands
 n - a wand of flame (12)
 D - a wand of acid (8)
Scrolls
 c - 5 scrolls of teleportation {unknown}
 f - 3 scrolls of identify
 g - 2 scrolls of blinking {unknown}
 h - a scroll of fog {unknown}
 j - 3 scrolls of enchant armour {unknown}
 p - 3 scrolls of immolation {unknown}
 q - a scroll of amnesia {unknown}
 r - a scroll of vulnerability {unknown}
 w - a scroll of fear {unknown}
 z - a scroll of holy word {unknown}
 A - a scroll of silence {unknown}
Potions
 d - 7 potions of curing
 e - 2 potions of brilliance {unknown}
 i - 2 potions of lignification
 m - a potion of mutation
 o - a potion of flight {unknown}
 t - a potion of heal wounds
 v - a potion of attraction


   Skills:
 + Level 2.5 Fighting
 + Level 1.0 Short Blades
 + Level 3.6 Maces & Flails
 + Level 0.1 Throwing
 + Level 3.2 Dodging
 + Level 3.1 Stealth
 + Level 0.5 Shields
 + Level 6.8 Spellcasting
 + Level 3.8 Conjurations
 + Level 6.4 Fire Magic
 + Level 0.2 Earth Magic
 + Level 0.7 Evocations


You had 4 spell levels left.
You knew the following spells:

 Your Spells              Type           Power      Damage    Failure   Level
a - Foxfire               Conj/Fire      100%       2x1d9     1%          1
b - Scorch                Fire           68%        2d8       1%          2
c - Conjure Flame         Conj/Fire      28%        6-21      3%          3
d - Flame Wave            Conj/Fire      28%        2d8       11%         4
e - Stone Arrow           Conj/Erth      30%        3d8       12%         3
f - Leda's Liquefaction   Hex/Erth       3%         N/A       65%         4

Your spell library contained the following spells:

 Spells                   Type           Power      Damage    Failure   Level
 Inner Flame              Hex/Fire       20%        N/A       7%          3
 Animate Skeleton         Necr           14%        N/A       9%          1
 Apportation              Tloc           14%        N/A       9%          1
 Sandblast                Erth           16%        2d6       9%          1
 Summon Small Mammal      Summ           28%        N/A       9%          1
 Passwall                 Tmut/Erth      5%         N/A       13%         2
 Lee's Rapid Deconstruct  Erth           4%         3d6*      92%         5
 Statue Form              Tmut/Erth      4%         N/A       100%        6


Dungeon Overview and Level Annotations

Branches:
Dungeon (7/15)             Temple (1/1) D:7

Altars:
Cheibriados
Dithmenos
Elyvilon
Fedhas
Hepliaklqana
Makhleb
Trog
Uskayaw
Xom
Yredelemnul

Annotations:
D:6 1 runed translucent door, hgbash's ghost, novice SpBr


Innate Abilities, Weirdness & Mutations

You have a pair of small horns on your head.
You are surrounded by a mild repulsion field. (EV +2)
You regenerate a little health from kills.


Message History

You miscast Stone Arrow.
You are very lightly contaminated with residual magic.
Nothing appears to happen.
You miscast Stone Arrow.
Nothing appears to happen.
The stone arrow hits the wight.
The wight is lightly damaged.
The wight hits you with a +0 falchion!
You feel drained.
The stone arrow hits the wight!
The wight is severely damaged.
The wight hits you with a +5 great sword of freezing!
The wight freezes you. The wight closely misses you.
You don't have enough magic to cast this spell.
You don't have enough magic to cast this spell.
You don't have enough magic to cast this spell.
You don't have enough magic to cast this spell.
You barely miss the wight. Your headbutt misses the wight.
The wight hits you with a +5 great sword of freezing.
You feel drained. The wight freezes you. The wight completely misses you.
You hit the wight.
Your weapon exudes an aura of protection.
You headbutt the wight.
The wight is heavily damaged.
The wight closely misses you. The wight misses you.
You hit the wight but do no damage.
The wight is heavily damaged.
The wight misses you. The wight closely misses you.
The wight hits you with a +5 great sword of freezing.
You feel drained. The wight freezes you.
You sock the wight!
The wight is almost destroyed.
The wight hits you with a +0 falchion. The wight barely misses you.
The wight misses you.
You hit the wight but do no damage. Your headbutt misses the wight.
The wight is almost destroyed.
The wight hits you with a +5 great sword of freezing!
* * * LOW HITPOINT WARNING * * *
You feel drained.
* * * LOW HITPOINT WARNING * * *
The wight freezes you.
You die...

...###.......##.............# #.#
...##.).......#.........###.# #.#
..###....#....##........###.# #.#
...#))..###...##...>........# #.#
...#.._.#y#.......[..######## #.#
...#.).†###...###.........# #.#
...##...†#....##....#.###.#####.#
...##.........#.................#
.#####.......##.@.....###.#######
.....###....##.zz.....# #.####.#
......#######.........# #......#
..............).......# ######.#
....................### #.#
....................# #.##
..####..............#### #.##
....(..#.#.............#######.##
............#....†............)..


You could see 2 wights.

Vanquished Creatures
  Harold (D:7)
  Joseph (D:7)
  Edmund (D:4)
  A water moccasin (D:6)
  Duvessa (D:4)
  An ice beast (D:7)
  An ogre (D:5)
  A kobold brigand (D:6)
  2 bullfrogs (D:6)
  A scorpion (D:5)
  Dowan (D:4)
  A water moccasin skeleton (D:5)
  A wight (D:6)
  2 hounds
  2 centaur skeletons
  A gnoll shaman (D:7)
  A jelly (D:3)
  3 orc priests
  A bullfrog skeleton (D:5)
  Terence (D:2)
  An orc wizard (D:6)
  5 gnolls (D:7)
  A howler monkey skeleton (D:7)
  6 adders
  A shadow imp (D:5)
  3 white imps
  2 adder skeletons (D:4)
  3 worms
  3 dart slugs
  11 orcs
  4 endoplasms
  12 goblins
  5 hobgoblins
  8 jackals
  5 quokkas
  6 ball pythons
  8 bats
  A frilled lizard (D:1)
  17 kobolds
  9 rats
136 creatures vanquished.

Vanquished Creatures (others)
  299 foxfires
  5 plants (D:3)
304 creatures vanquished.

Grand Total: 440 creatures vanquished

Notes
Turn   | Place    | Note
-------+----------+-------------------------------------------
     0 | D:1      | DemonSlayer the Demonspawn Fire Elementalist began the
                  | quest for the Orb.
     0 | D:1      | Reached XP level 1. HP: 13/13 MP: 3/3
   600 | D:1      | Gained mutation: You are surrounded by a mild repulsion
                  | field. (EV +2) [demonic ancestry]
   600 | D:1      | Reached XP level 2. HP: 19/19 MP: 0/5
   603 | D:1      | Learned a level 2 spell: Scorch
  1621 | D:2      | Reached XP level 3. HP: 24/24 MP: 0/6
  1934 | D:2      | Noticed Terence
  2271 | D:3      | Found a faded altar of an unknown god.
  2513 | D:3      | Reached XP level 4. HP: 24/31 MP: 0/8
  2678 | D:4      | Noticed Edmund
  2694 | D:4      | Killed Edmund
  2695 | D:4      | Gained mutation: You regenerate a little health from kills.
                  | [demonic ancestry]
  2695 | D:4      | Reached XP level 5. HP: 20/36 MP: 0/9
  2891 | D:4      | Reached skill level 1 in Short Blades
  3063 | D:4      | Noticed Duvessa
  3063 | D:4      | Noticed Dowan
  3300 | D:3      | Reached XP level 6. HP: 42/42 MP: 5/10
  3391 | D:3      | Learned a level 3 spell: Conjure Flame
  3396 | D:3      | Learned a level 4 spell: Flame Wave
  3905 | D:2      | Killed Terence
  4683 | D:4      | Killed Duvessa
  4684 | D:4      | Reached skill level 1 in Fighting
  4684 | D:4      | Reached skill level 1 in Maces & Flails
  4692 | D:4      | Killed Dowan
  4860 | D:5      | Entered Level 5 of the Dungeon
  4873 | D:5      | Reached XP level 7. HP: 37/48 MP: 12/12
  5671 | D:5      | Learned a level 3 spell: Stone Arrow
  5925 | D:6      | Gained mutation: You have a pair of small horns on your
                  | head. [demonic ancestry]
  5925 | D:6      | Reached XP level 8. HP: 22/54 MP: 15/15
  5927 | D:6      | Reached skill level 5 in Fire Magic
  6161 | D:6      | Reached skill level 5 in Spellcasting
  6239 | D:6      | Noticed a moth of wrath
  6243 | D:6      | Found a bloodstained altar of Trog.
  6435 | D:6      | Found a hazy altar of Hepliaklqana.
  6449 | D:6      | Found a runed translucent door.
  6452 | D:6      | Noticed hgbash's ghost (novice SpBr)
  6541 | D:6      | Found a basalt altar of Yredelemnul.
  6569 | D:6      | Found a shadowy altar of Dithmenos.
  6819 | D:7      | Noticed Harold
  6839 | D:7      | Killed Harold
  7168 | D:7      | Found a staircase to the Ecumenical Temple.
  7198 | D:7      | Found a hide-covered altar of Uskayaw.
  7463 | D:7      | Noticed Joseph
  7483 | D:7      | Killed Joseph
  7484 | D:7      | Reached XP level 9. HP: 38/62 MP: 1/19
  7951 | Temple   | Entered the Ecumenical Temple
  8037 | Temple   | Became a worshipper of Cheibriados the Contemplative
  8056 | D:7      | Learned a level 4 spell: Leda's Liquefaction
  8398 | D:6      | Slain by a wight

Illustrated notes

Levels and vault maps discovered:
D:1:      amcnicky_arrival_flooded_fountain, layout_loops_ring, minmay_cupped
D:2:      layout_rooms, minmay_small_reverse_x, uniq_terence
D:3:      minmay_spotlight, layout_basic, nicolae_ecumenical_snake_handling,
          serial_bayou_crossing
D:4:      layout_basic, uniq_edmund, uniq_duvessa
D:5:      layout_rooms, hangedman_abyss_or_decor_passed
D:6:      minmay_chambers_of_fours, layout_basic, tgw_trog,
          mainiacjoe_overflow_two_lobes, general_overflow_altar,
          gammafunk_ghost_grave
D:7:      layout_basic, mainiacjoe_overflow_alcove_4,
          minmay_temple_entry_statues, uniq_joseph, uniq_harold
Temple:   nicolae_temple_figure_zero

Skill      XL: |  1  2  3  4  5  6  7  8 |
---------------+-------------------------+-----
Dodging        | 2 3 |  3.2
Stealth        | 2 3 |  3.1
Fire Magic     | 3 4 6 |  6.4
Conjurations   | 2 3 |  3.8
Spellcasting   | 3 4 6 |  6.8
Short Blades   | 1 |  1.0
Fighting       | 1 2 |  2.5
Maces & Flails | 1 2 3 |  3.6
Throwing       | |  0.1
Shields        | |  0.5
Earth Magic    | |  0.2
Evocations     | |  0.7

Action                   |  1- 3 |  4- 6 |  7- 9 || total
-------------------------+-------+-------+-------++-------
Melee: Short sword       |    47 |    10 |       ||    57
       Punch             |       |     1 |       ||     1
       Dire flail        |       |    62 |    14 ||    76
       Flail             |       |       |    63 ||    63
       Headbutt          |       |       |    13 ||    13
Throw: Throwing net      |       |       |     2 ||     2
 Cast: Foxfire           |    83 |    68 |    25 ||   176
       Scorch            |       |     3 |    56 ||    59
       Conjure Flame     |       |     1 |       ||     1
       Stone Arrow       |       |       |    16 ||    16
Evoke: Wand              |       |     9 |       ||     9
  Use: Potion            |     1 |       |     3 ||     4
       Scroll            |       |     6 |       ||     6
 Stab: Sleeping          |       |     9 |       ||     9
Armor: Robe              |     5 |     6 |    15 ||    26
Dodge: Dodged            |    41 |    54 |   114 ||   209
Block: Other             |     7 |     8 |       ||    15
       Reflection        |       |     1 |       ||     1
